 Dungeon Crawl Stone Soup version 0.26.1-11-gd32895ea62 (webtiles) character file.

Game seed: 10613236432618252935

226 woolyfrog the Slasher (level 5, -2/45 HPs)
             Began as a Minotaur Fighter on May 3, 2021.
             Slain by Menkaure (14 damage)
             ... on level 4 of the Dungeon.
             The game lasted 00:05:30 (2217 turns).

woolyfrog the Slasher (Minotaur Fighter)            Turns: 2217, Time: 00:05:31

Health: -2/45      AC: 10    Str: 21    XL:     5   Next: 69%
Magic:  4/4        EV:  5    Int:  5    God:
Gold:   120        SH:  9    Dex: 10    Spells: 4/4 levels left

rFire    . . .     SeeInvis .   a - +0 long sword
rCold    + . .     Faith    +   c - +0 kite shield
rNeg     . . .     Spirit   .   f - +0 chain mail
rPois    .         Reflect  .   (helmet restricted)
rElec    .         Harm     .   (no cloak)
rCorr    .         Rampage  .   (no gloves)
Will     .....                  e - +0 pair of boots
Stlth    ..........             i - amulet of faith
HPRegen  0.15/turn              b - ring of protection from cold
MPRegen  0.09/turn              (no ring)

@: no status effects
A: retaliatory headbutt, horns 2
a: no special abilities


You were on level 4 of the Dungeon.
You visited 1 branch of the dungeon, and saw 4 of its levels.

You collected 120 gold pieces.

Inventory:

Hand Weapons
 a - a +0 long sword (weapon)
Armour
 c - a +0 kite shield (worn)
 e - a +0 pair of boots (worn)
 f - a +0 chain mail (worn)
Jewellery
 b - a ring of protection from cold (left hand)
 i - an amulet of faith (around neck)
 n - an uncursed ring of fire
Scrolls
 g - 2 scrolls of amnesia
 j - 2 scrolls of remove curse
Potions
 d - 3 potions of might
 h - 4 potions of curing
 k - a potion of berserk rage
 l - a potion of attraction
 o - a potion of resistance


   Skills:
 - Level 3.6 Fighting
 + Level 7.3 Long Blades
 - Level 3.6 Armour
 - Level 3.6 Shields


You had 4 spell levels left.
You didn't know any spells.
Your spell library was empty.

Dungeon Overview and Level Annotations

Branches:
Dungeon (4/15)
 Temple: D:4-7

Altars:
Fedhas
Uskayaw
Wu Jian
Yredelemnul

Annotations:
D:4 Menkaure


Innate Abilities, Weirdness & Mutations

You reflexively headbutt those who attack you in melee.
You have a pair of horns on your head.


Message History

Menkaure is almost destroyed.
Menkaure grins.
Menkaure points at you and mumbles some strange words.
Pain shoots through your body!
You hit Menkaure.
Menkaure is almost destroyed.
Menkaure casts a spell at you. Pain shoots through your body!
Menkaure calls on the powers of darkness!
Your body is wracked with pain!
* * * LOW HITPOINT WARNING * * *
You completely miss Menkaure.
Menkaure is almost destroyed.
Menkaure gestures at you while chanting.
Pain shoots through your body!
* * * LOW HITPOINT WARNING * * *
You barely miss Menkaure.
Menkaure is almost destroyed.
Menkaure hits you!
You die...

.........#
#######..########
#..........
##.######## #.#
#.# #.#
#.#########
#.)..@M.$.#
########..... ###


You could see Menkaure (fast).

Vanquished Creatures
  Terence (D:2)
  An iguana (D:2)
  Natasha (thrice) (D:3)
  An adder (D:3)
  3 worms
  4 dart slugs
  4 leopard geckos
  3 orcs (D:3)
  8 giant cockroaches
  11 goblins
  4 hobgoblins
  3 jackals (D:3)
  5 kobolds
  2 quokkas (D:3)
  2 ball pythons (D:3)
  6 bats
  3 frilled lizards
  7 rats
71 creatures vanquished.

Notes
Turn   | Place    | Note
-------+----------+-------------------------------------------
     0 | D:1      | woolyfrog the Minotaur Fighter began the quest for the Orb.
     0 | D:1      | Reached XP level 1. HP: 19/19 MP: 0/0
    76 | D:1      | Reached skill level 3 in Long Blades
   180 | D:1      | Reached XP level 2. HP: 26/26 MP: 1/1
   407 | D:1      | Reached skill level 4 in Long Blades
   571 | D:2      | Reached XP level 3. HP: 31/31 MP: 2/2
   658 | D:2      | Noticed Terence
   662 | D:2      | Killed Terence
   663 | D:2      | Reached skill level 5 in Long Blades
   665 | D:2      | Found a hide-covered altar of Uskayaw.
   826 | D:2      | Reached XP level 4. HP: 39/39 MP: 3/3
  1145 | D:3      | Noticed Natasha
  1156 | D:3      | Killed Natasha
  1157 | D:3      | Reached skill level 6 in Long Blades
  1219 | D:3      | Reached XP level 5. HP: 43/45 MP: 4/4
  1587 | D:3      | Noticed Natasha
  1594 | D:3      | Killed Natasha
  1808 | D:3      | Reached skill level 7 in Long Blades
  1851 | D:3      | Found an ornate altar of the Wu Jian Council.
  1904 | D:3      | Noticed Natasha
  1916 | D:3      | Killed Natasha
  2078 | D:3      | Found a blossoming altar of Fedhas.
  2129 | D:3      | Found a basalt altar of Yredelemnul.
  2206 | D:4      | Noticed Menkaure
  2217 | D:4      | Slain by Menkaure

Illustrated notes

Levels and vault maps discovered:
D:1:      amcnicky_arrival_choice, layout_rooms
D:2:      layout_basic, lemuel_crystal_altar, uniq_terence
D:3:      layout_rooms, fedhas_altar_4, marbit_many_paths,
          nzn_wu_jian_council_hall, minmay_surrounded, uniq_natasha
D:4:      layout_loops_ring, nemelex_xobeh_ov_fountains_minmay,
          serial_bayou_crossing, uniq_menkaure

Skill      XL: |  1  2  3  4  5 |
---------------+----------------+-----
Long Blades    | 3 4 5 6 7 |  7.3
Fighting       | |  3.6
Armour         | |  3.6
Shields        | |  3.6

Action                   |  1- 3 |  4- 6 || total
-------------------------+-------+-------++-------
Melee: Long sword        |    61 |   114 ||   175
       Headbutt          |     9 |    20 ||    29
  Use: Scroll            |     2 |     8 ||    10
Armor: Scale mail        |     8 |       ||     8
       Chain mail        |    21 |    70 ||    91
Dodge: Dodged            |    11 |    28 ||    39
Block: Kite shield       |    17 |    65 ||    82
       Rpst.: Long sword |     5 |     7 ||    12
